 Dungeon Crawl Stone Soup version 0.29.1-2-gbd0b4ee654 (webtiles) character file.

Game seed: 9017383678613172498

833 peterlawrence the Basher (level 7, -5/59 HPs)
             Began as a Minotaur Fighter on Nov 25, 2022.
             Was an Initiate of Okawaru.
             Slain by a wight
             ... wielding a +0 battleaxe
              (13 damage)
             ... on level 6 of the Dungeon.
             The game lasted 00:04:58 (4733 turns).

peterlawrence the Basher (Minotaur Fighter)         Turns: 4733, Time: 00:04:59

Health: -5/59      AC: 13    Str: 20    XL:     7   Next: 65%
Magic:  8/8        EV:  4    Int:  5    God:    Okawaru [......]
Gold:   255        SH: 14    Dex: 12    Spells: 6/6 levels left

rFire   . . .      SeeInvis .   a - +1 flail
rCold   . . .      Faith    .   f - +1 kite shield
rNeg    . . .      Spirit   .   t - +0 plate armour
rPois   .          Reflect  +   (helmet restricted)
rElec   .          Harm     .   (no cloak)
rCorr   .          Rampage  .   (no gloves)
Will    .....                   x - +0 pair of boots
Stlth   ..........              l - amulet of reflection
HPRegen 0.19/turn               (no ring)
MPRegen 0.11/turn               (no ring)

@: no status effects
A: horns 2, retaliatory headbutt
a: Renounce Religion


You were on level 6 of the Dungeon.
You worshipped Okawaru.
Okawaru was noncommittal.
You visited 2 branches of the dungeon, and saw 7 of its levels.

You collected 255 gold pieces.

Inventory:

Hand Weapons
 a - a +1 flail (weapon)
 y - a +1 sling of freezing
Missiles
 b - a throwing net (quivered)
Armour
 f - a +1 kite shield (worn)
 t - a +0 plate armour (worn)
 v - a +0 chain mail of fire resistance
 x - a +0 pair of boots (worn)
Jewellery
 l - an amulet of reflection (around neck)
 q - an amulet of regeneration
Wands
 h - a wand of iceblast (12)
 o - a wand of polymorph (11)
Scrolls
 i - 3 scrolls of teleportation
 n - a scroll of summoning
 p - a scroll of amnesia {unknown}
 r - a scroll of brand weapon {unknown}
 s - 2 scrolls of blinking
Potions
 c - 2 potions of curing
 d - a potion of might
 e - a potion of flight {unknown}
 g - a potion of mutation
 j - 2 potions of cancellation {unknown}
 k - 2 potions of invisibility
 m - a potion of brilliance {unknown}
 u - a potion of haste {unknown}
 w - a potion of heal wounds {unknown}


   Skills:
 - Level 4.3 Fighting
 - Level 9.2 Maces & Flails
 - Level 4.1 Armour
 - Level 0.5 Dodging
 - Level 3.9 Shields
 + Level 2.9 Invocations


You had 6 spell levels left.
You didn't know any spells.
Your spell library contained the following spells:

 Spells                   Type           Power      Damage    Failure   Level
 Slow                     Hex            0%         N/A       100%        1
 Confusing Touch          Hex            0%         N/A       100%        3
 Inner Flame              Hex/Fire       0%         N/A       100%        3
 Vampiric Draining        Necr           0%         2d6       100%        3
 Cause Fear               Hex            0%         N/A       100%        4
 Borgnjor's Revivificati  Necr           0%         N/A       100%        8
 Discord                  Hex            0%         N/A       100%        8
 Necromutation            Tmut/Necr      0%         N/A       100%        8
 Death's Door             Necr           0%         N/A       100%        9


Dungeon Overview and Level Annotations

Branches:
Dungeon (6/15)             Temple (1/1) D:5

Altars:
Ashenzari
Dithmenos
Elyvilon
Gozag
Hepliaklqana
Kikubaaqudgha
Okawaru
Qazlal
Ru
Sif Muna
Trog
Vehumet
Wu Jian
Xom
Yredelemnul
Zin
The Shining One


Innate Abilities, Weirdness & Mutations

You have a pair of horns on your head.
You reflexively headbutt those who attack you in melee.


Message History

You block the wight's attack.
You hit the wight.
You destroy the wight!
Okawaru accepts your kill.
Your life force feels restored.
You start resting.
Magic restored.
You start resting.
A white imp is nearby!
The white imp shouts!
The white imp gestures at you. The puff of frost hits you!
* * * LOW HITPOINT WARNING * * *
You block the white imp's attack.
Things that are here:
a +0 battleaxe; a +0 robe You barely miss the white imp.
Your headbutt misses the white imp. The white imp gestures at you.
The puff of frost hits you but does no damage.
You hit the white imp.
The white imp is moderately wounded.
You block the white imp's attack.
You hit the white imp. Your headbutt misses the white imp.
The white imp is almost dead.
You block the white imp's attack.
You hit the white imp.
You kill the white imp!
Okawaru accepts your kill.
A wight comes into view. It is wielding a +0 battleaxe.
You block the wight's attack.
You barely miss the wight. You block the wight's attack.
You hit the wight but do no damage.
You headbutt the wight, but do no damage.
The wight hits you with a +0 battleaxe!
* * * LOW HITPOINT WARNING * * *
You closely miss the wight. Your headbutt misses the wight.
You block the wight's attack.
You barely miss the wight. You block the wight's attack.
The wight hits you with a +0 battleaxe!
You die...

#....# .....##
....> # ....
.###
#.#####..#..z..
#.........z#
#)# #z# #@#
##.# ######..#
.......#.##
......###.#
.#####.#.##
#....##
..#####.....#
......><...##


You could see a wight.

Vanquished Creatures
  2 black bears
  Blork the orc (D:4)
  A gnoll sergeant (D:5)
  3 wights (D:6)
  A hound (D:5)
  A jelly (D:4)
  3 iguanas
  Robin (D:4)
  5 gnolls (D:5)
  6 adders
  A white imp (D:6)
  2 worms (D:2)
  3 dart slugs
  3 orcs
  11 ball pythons
  4 endoplasms
  16 goblins
  11 hobgoblins
  2 jackals (D:1)
  8 kobolds
  5 quokkas
  9 bats
  3 frilled lizards
  4 rats
106 creatures vanquished.

Notes
Turn   | Place    | Note
-------+----------+-------------------------------------------
     0 | D:1      | peterlawrence the Minotaur Fighter began the quest for the
                  | Orb.
     0 | D:1      | Reached XP level 1. HP: 19/19 MP: 0/0
   180 | D:1      | Reached XP level 2. HP: 24/27 MP: 1/1
   831 | D:1      | Found a faded altar of an unknown god.
  1067 | D:2      | Reached skill level 3 in Maces & Flails
  1143 | D:2      | Reached XP level 3. HP: 33/33 MP: 2/2
  1749 | D:3      | Found a stormy altar of Qazlal.
  1762 | D:3      | Reached XP level 4. HP: 39/40 MP: 3/3
  1912 | D:3      | Reached skill level 4 in Maces & Flails
  2346 | D:4      | Reached skill level 5 in Maces & Flails
  2642 | D:4      | Noticed Robin
  2652 | D:4      | Reached XP level 5. HP: 36/46 MP: 4/4
  2671 | D:4      | Killed Robin
  2861 | D:4      | Noticed a black bear
  2867 | D:4      | Reached skill level 6 in Maces & Flails
  2927 | D:4      | Killed a black bear
  2928 | D:4      | Reached skill level 7 in Maces & Flails
  2928 | D:4      | Reached XP level 6. HP: 26/52 MP: 5/5
  3166 | D:4      | Noticed Blork the orc
  3172 | D:4      | Killed Blork the orc
  3412 | D:5      | Entered Level 5 of the Dungeon
  3437 | D:5      | Reached skill level 8 in Maces & Flails
  3447 | D:5      | Reached XP level 7. HP: 35/59 MP: 6/6
  3647 | D:5      | Found a shimmering altar of Xom.
  3724 | D:5      | Reached skill level 9 in Maces & Flails
  3845 | D:5      | Found a staircase to the Ecumenical Temple.
  3852 | Temple   | Entered the Ecumenical Temple
  4058 | Temple   | Became a worshipper of Warmaster Okawaru
  4287 | D:5      | Found a glowing golden altar of the Shining One.
  4655 | D:6      | Reached skill level 1 in Invocations
  4733 | D:6      | Slain by a wight

Illustrated notes

Levels and vault maps discovered:
D:1:      minmay_arrival_nine_rooms, layout_basic,
          dilly_ecumenical_altar_fadedgnrine
D:2:      layout_basic, minmay_pentomino_t4
D:3:      layout_rooms, mainiacjoe_overflow_24_doors
D:4:      layout_cave_pods, minmay_checkerbox, uniq_robin, uniq_blork_the_orc
D:5:      layout_gridville, xom_teletrap_fun, nicolae_tso_swordbearing_angel,
          minmay_temple_entry_sparse_star
D:6:      layout_loops_corners
Temple:   dpeg_chambers_temple

Skill      XL: |  1  2  3  4  5  6  7 |
---------------+----------------------+-----
Armour         | 4 |  4.1
Fighting       | 4 |  4.3
Maces & Flails | 3 5 7 8 9 |  9.2
Invocations    | 2 |  2.9
Dodging        | |  0.5
Shields        | |  3.9

Action                   |  1- 3 |  4- 6 |  7- 9 || total
-------------------------+-------+-------+-------++-------
Melee: Flail             |    90 |   110 |    44 ||   244
       Headbutt          |    15 |    23 |     6 ||    44
  Use: Scroll            |       |     6 |     5 ||    11
       Potion            |       |     1 |       ||     1
Armor: Scale mail        |    43 |    10 |       ||    53
       Plate armour      |       |    43 |     7 ||    50
Dodge: Dodged            |    39 |    20 |     2 ||    61
Block: Kite shield       |    43 |   112 |    30 ||   185
       Reflection        |       |     5 |       ||     5
